SNL (28 & UNDER)
SANTA FE DIABLOS @ WEST VIRGINIA POWER
08/31/2024
 
TOP OF THE 1ST
Santa Fe Diablos batting - Pitching for West Virginia Power : RHP Brad Flores
Pitching: RHP Brad Flores
Batting: SHB George Adams 0-0: Ball
1-0: Ball
2-0: Foul Ball, location: 2F
2-1: Ground out U3 (Groundball, 3S)
Batting: LHB John Nicholson 0-0: Ball
1-0: Called Strike
1-1: Ball
2-1: Called Strike
2-2: Ball
3-2: Foul Ball, location: 2F
3-2: Base on Balls
Batting: RHB Roberto Zamora 0-0: Called Strike
0-1: Called Strike
0-2: Strikes out swinging
Batting: SHB António Hernández 0-0: Ball
1-0: Ball
2-0: Called Strike
2-1: Foul Ball, location: 2F
2-2: Strikes out looking
Top of the 1st over - 0 run(s), 0 hit(s), 0 error(s), 1 left on base; Santa Fe 0 - West Virginia 0
BOTTOM OF THE 1ST
West Virginia Power batting - Pitching for Santa Fe Diablos : RHP Tex Perkins
Pitching: RHP Tex Perkins
Batting: RHB Alden Isenhood 0-0: Ball
1-0: Fly out, F4 (Popup, 34D)
Batting: SHB Edward Bartlett 0-0: Ball
1-0: SINGLE (Line Drive, 5D)
Batting: RHB Roberto Tobías 0-0: Ball
1-0: Called Strike
1-1: Fly out, F5 (Popup, 5F)
Batting: LHB Pablo Reyes 0-0: Called Strike
0-1: SINGLE (Line Drive, 5)
Edward Bartlett to second
Batting: RHB Ben Dougherty 0-0: Ball
1-0: Ball
2-0: Fly out, F4 (Popup, 4D)
Bottom of the 1st over - 0 run(s), 2 hit(s), 0 error(s), 2 left on base; Santa Fe 0 - West Virginia 0
TOP OF THE 2ND
Santa Fe Diablos batting - Pitching for West Virginia Power : RHP Brad Flores
Batting: RHB Júlio López 0-0: Called Strike
0-1: Ball
1-1: Ground out 5-3 (Groundball, 56)
Batting: RHB John Dinkins 0-0: Swinging Strike
0-1: Fly out, F5 (Line Drive, 5)
Batting: RHB Ánibal Gonzáles 0-0: SINGLE (Line Drive, 8RS)
Batting: RHB Fernando Garza 0-0: Ball
1-0: Ground out 1-3 (Groundball, 15)
Top of the 2nd over - 0 run(s), 1 hit(s), 0 error(s), 1 left on base; Santa Fe 0 - West Virginia 0
BOTTOM OF THE 2ND
West Virginia Power batting - Pitching for Santa Fe Diablos : RHP Tex Perkins
Batting: LHB Bernardo Montés 0-0: Ball
1-0: Swinging Strike
1-1: Swinging Strike
1-2: Strikes out swinging
Batting: RHB Len Burke 0-0: Ball
1-0: Called Strike
1-1: Ball
2-1: Ball
3-1: Called Strike
3-2: Strikes out swinging
Batting: LHB Héctor Cruz 0-0: Ball
1-0: Swinging Strike
1-1: Ball
2-1: Ball
3-1: Called Strike
3-2: Strikes out swinging
Bottom of the 2nd over - 0 run(s), 0 hit(s), 0 error(s), 0 left on base; Santa Fe 0 - West Virginia 0
TOP OF THE 3RD
Santa Fe Diablos batting - Pitching for West Virginia Power : RHP Brad Flores
Batting: LHB Víctor Carrillo 0-0: Ball
1-0: Called Strike
1-1: Swinging Strike
1-2: Strikes out swinging
Batting: SHB George Adams 0-0: Ball
1-0: Swinging Strike
1-1: Ball
2-1: Foul Ball, location: 2F
2-2: Foul Ball, location: 2F
2-2: Ball
3-2: Strikes out swinging
Batting: LHB John Nicholson 0-0: Ball
1-0: Called Strike
1-1: Foul Ball, location: 2F
1-2: Ground out 3-1 (Groundball, 34)
Top of the 3rd over - 0 run(s), 0 hit(s), 0 error(s), 0 left on base; Santa Fe 0 - West Virginia 0
BOTTOM OF THE 3RD
West Virginia Power batting - Pitching for Santa Fe Diablos : RHP Tex Perkins
Batting: RHB Gonzalo Gil 0-0: Ball
1-0: Foul Ball, location: 2F
1-1: Ball
2-1: Ball
3-1: Foul Ball, location: 2F
3-2: Ground out 5-3 (Groundball, 56)
Batting: RHB Alden Isenhood 0-0: SINGLE (Line Drive, 8LS)
Batting: SHB Edward Bartlett 0-0: Ball
1-0: Ball
2-0: Called Strike
Alden Isenhood steals 2nd base
2-1: Ball
3-1: Ground out 4-3 (Groundball, 34)
Alden Isenhood to third
Batting: RHB Roberto Tobías 0-0: Ball
1-0: Called Strike
1-1: Swinging Strike
1-2: Strikes out swinging
Bottom of the 3rd over - 0 run(s), 1 hit(s), 0 error(s), 1 left on base; Santa Fe 0 - West Virginia 0
TOP OF THE 4TH
Santa Fe Diablos batting - Pitching for West Virginia Power : RHP Brad Flores
Batting: RHB Roberto Zamora 0-0: Ball
1-0: Ball
2-0: Foul Ball, location: 2F
2-1: Ball
3-1: DOUBLE (Line Drive, 78M)
Batting: SHB António Hernández 0-0: Called Strike
0-1: Swinging Strike
0-2: Ball
1-2: Ball
2-2: Strikes out looking
Batting: RHB Júlio López 0-0: Ball
1-0: Ground out 3-1 (Groundball, 34)
Roberto Zamora to third
Batting: RHB John Dinkins 0-0: Fly out, F9 (Flyball, 89M)
Top of the 4th over - 0 run(s), 1 hit(s), 0 error(s), 1 left on base; Santa Fe 0 - West Virginia 0
BOTTOM OF THE 4TH
West Virginia Power batting - Pitching for Santa Fe Diablos : RHP Tex Perkins
Batting: LHB Pablo Reyes 0-0: Swinging Strike
0-1: Ground out 3-1 (Groundball, 34)
Batting: RHB Ben Dougherty 0-0: Ball
1-0: Ground out 5-3 (Groundball, 56S)
Batting: LHB Bernardo Montés 0-0: Ball
1-0: Fly out, F7 (Line Drive, 7M)
Bottom of the 4th over - 0 run(s), 0 hit(s), 0 error(s), 0 left on base; Santa Fe 0 - West Virginia 0
TOP OF THE 5TH
Santa Fe Diablos batting - Pitching for West Virginia Power : RHP Brad Flores
Batting: RHB Ánibal Gonzáles 0-0: Foul Ball, location: 2F
0-1: Ball
1-1: Ball
2-1: Foul Ball, location: 2F
2-2: Ball
3-2: Strikes out swinging
Batting: RHB Fernando Garza 0-0: Ball
1-0: Called Strike
1-1: Ball
2-1: Ball
3-1: Base on Balls
Batting: LHB Víctor Carrillo 0-0: Fielders Choice at 2nd, 6-4 (Groundball, 6M)
Batting: SHB George Adams 0-0: Called Strike
0-1: Ball
1-1: SINGLE (Groundball, 34D) (infield hit)
Víctor Carrillo to second
Batting: LHB John Nicholson 0-0: Ball
1-0: Foul Ball, location: 2F
1-1: Fly out, F8 (Flyball, 8RS)
Top of the 5th over - 0 run(s), 1 hit(s), 0 error(s), 2 left on base; Santa Fe 0 - West Virginia 0
BOTTOM OF THE 5TH
West Virginia Power batting - Pitching for Santa Fe Diablos : RHP Tex Perkins
Batting: RHB Len Burke 0-0: Ball
1-0: Ball
2-0: Foul Ball, location: 2F
2-1: Foul Ball, location: 2F
2-2: Ball
3-2: Base on Balls
Batting: LHB Héctor Cruz 0-0: Ball
1-0: Swinging Strike
1-1: Ball
2-1: Foul Ball, location: 2F
2-2: Grounds into double play, U4-3 (Groundball, 4)
Batting: RHB Gonzalo Gil 0-0: Ball
1-0: Swinging Strike
1-1: Ball
2-1: Foul Ball, location: 2F
2-2: Strikes out swinging
Bottom of the 5th over - 0 run(s), 0 hit(s), 0 error(s), 0 left on base; Santa Fe 0 - West Virginia 0
TOP OF THE 6TH
Santa Fe Diablos batting - Pitching for West Virginia Power : RHP Brad Flores
Batting: RHB Roberto Zamora 0-0: Called Strike
0-1: Called Strike
0-2: Ground out 1-3 (Groundball, 15)
Batting: SHB António Hernández 0-0: Ball
1-0: Ground out 4-3 (Groundball, 13)
Batting: RHB Júlio López 0-0: Called Strike
0-1: Ball
1-1: Fly out, F7 (Flyball, 78S)
Top of the 6th over - 0 run(s), 0 hit(s), 0 error(s), 0 left on base; Santa Fe 0 - West Virginia 0
BOTTOM OF THE 6TH
West Virginia Power batting - Pitching for Santa Fe Diablos : RHP Tex Perkins
Batting: RHB Alden Isenhood 0-0: Ball
1-0: Foul Ball, location: 2F
1-1: Swinging Strike
1-2: DOUBLE (Flyball, 89M)
Batting: SHB Edward Bartlett 0-0: Ball
1-0: Called Strike
1-1: Foul Ball, location: 2F
1-2: Ball
2-2: SINGLE (Line Drive, 3D)
Alden Isenhood to third
Batting: RHB Roberto Tobías 0-0: Ball
1-0: Ball
2-0: Called Strike
2-1: SINGLE (Line Drive, 89S)
Alden Isenhood scores
Edward Bartlett to second
Batting: LHB Pablo Reyes 0-0: Ball
1-0: Ball
2-0: Called Strike
2-1: Foul Ball, location: 2F
2-2: Foul Ball, location: 2F
2-2: Ball
3-2: SINGLE (Line Drive, 78S)
Edward Bartlett to third
Roberto Tobías to second
Runner from 3rd tries for Home, SAFE, throw made home
Roberto Tobías to third
Pablo Reyes to second
Pitching: RHP Raúl Gómez
Batting: RHB Ben Dougherty 0-0: Called Strike
0-1: Ground out 6-3 (Groundball, 6S)
Batting: LHB Bernardo Montés 0-0: Foul Ball, location: 2F
0-1: Swinging Strike
0-2: Strikes out looking
Batting: RHB Len Burke 0-0: Ball
1-0: Ball
2-0: Called Strike
2-1: Swinging Strike
2-2: Foul Ball, location: 2F
2-2: Ball
3-2: Strikes out looking
Bottom of the 6th over - 2 run(s), 4 hit(s), 0 error(s), 2 left on base; Santa Fe 0 - West Virginia 2
TOP OF THE 7TH
Santa Fe Diablos batting - Pitching for West Virginia Power : RHP Brad Flores
Batting: RHB John Dinkins 0-0: Foul Ball, location: 2F
0-1: Ball
1-1: Ball
2-1: Foul Ball, location: 2F
2-2: Ball
3-2: Base on Balls
Batting: RHB Ánibal Gonzáles 0-0: Ball
1-0: Called Strike
1-1: Called Strike
1-2: Ball
2-2: Ball
3-2: Foul Ball, location: 2F
3-2: Strikes out looking
John Dinkins is caught stealing 2nd base
Batter strikes out.
Batting: RHB Fernando Garza 0-0: Ball
1-0: Foul Ball, location: 2F
1-1: Ball
2-1: Ball
3-1: Called Strike
3-2: Strikes out swinging
Top of the 7th over - 0 run(s), 0 hit(s), 0 error(s), 0 left on base; Santa Fe 0 - West Virginia 2
BOTTOM OF THE 7TH
West Virginia Power batting - Pitching for Santa Fe Diablos : RHP Raúl Gómez
Batting: LHB Héctor Cruz 0-0: SINGLE (Line Drive, 78S)
Batting: RHB Gonzalo Gil 0-0: Swinging Strike
0-1: Ball
1-1: Ball
2-1: Bunt missed!
2-2: SINGLE (Line Drive, 7S)
Héctor Cruz to second
Pinch Hitting: LHB Luis Espinoza 0-0: Ball
1-0: Foul Ball, location: 2F
1-1: Swinging Strike
1-2: Strikes out swinging
Batting: SHB Edward Bartlett 0-0: Called Strike
0-1: Swinging Strike
0-2: Strikes out swinging
Batting: RHB Roberto Tobías 0-0: Ball
1-0: Ball
2-0: Ball
3-0: Base on Balls
Héctor Cruz to third
Gonzalo Gil to second
Batting: LHB Pablo Reyes 0-0: Ball
1-0: Ball
2-0: Called Strike
2-1: SINGLE (Groundball, 6MD)
Héctor Cruz scores
Gonzalo Gil to third
Roberto Tobías to second
Runner from 3rd tries for Home, throw and OUT!
Bottom of the 7th over - 1 run(s), 3 hit(s), 0 error(s), 2 left on base; Santa Fe 0 - West Virginia 3
TOP OF THE 8TH
Santa Fe Diablos batting - Pitching for West Virginia Power : RHP Brad Flores
Pitching: RHP Mark Osborne
Now at 2B: Dave McGrath
Now in CF: Luis Pérez
Batting: LHB Víctor Carrillo 0-0: Ball
1-0: Swinging Strike
1-1: SINGLE (Groundball, 34D)
Batting: SHB George Adams 0-0: Ball
1-0: Ball
2-0: Called Strike
2-1: Foul Ball, location: 2F
2-2: Grounds into double play, 6-4-3 (Groundball, 6M)
Batting: LHB John Nicholson 0-0: Foul Ball, location: 2F
0-1: DOUBLE (Line Drive, 9LM)
Batting: RHB Roberto Zamora 0-0: Foul Ball, location: 2F
0-1: Ball
1-1: Foul Ball, location: 2F
1-2: Foul Ball, location: 2F
1-2: Foul Ball, location: 2F
1-2: Foul Ball, location: 2F
1-2: Ground out 1-3 (Groundball, 23)
Top of the 8th over - 0 run(s), 2 hit(s), 0 error(s), 1 left on base; Santa Fe 0 - West Virginia 3
BOTTOM OF THE 8TH
West Virginia Power batting - Pitching for Santa Fe Diablos : RHP Raúl Gómez
Pitching: LHP Daniel Draper
Batting: RHB Ben Dougherty 0-0: SINGLE (Groundball, 6D)
Batting: LHB Bernardo Montés 0-0: Ball
1-0: Foul Ball, location: 2F
1-1: Ball
2-1: Foul Ball, location: 2F
2-2: Ball
3-2: Strikes out swinging
Batting: RHB Len Burke 0-0: Ball
Ben Dougherty steals 2nd base
1-0: Intentional Walk
Batting: LHB Héctor Cruz 0-0: Ball
1-0: Ball
2-0: Ball
3-0: Base on Balls
Ben Dougherty to third
Len Burke to second
Pinch Hitting: RHB Lorenzo Guzmán 0-0: Swinging Strike
0-1: Ball
1-1: SINGLE (Groundball, 3L) (infield hit)
Ben Dougherty scores
Len Burke to third
Héctor Cruz to second
Batting: RHB Dave McGrath 0-0: Ball
1-0: Foul Ball, location: 2F
1-1: Swinging Strike
1-2: Ball
2-2: Strikes out swinging
Batting: SHB Edward Bartlett 0-0: SINGLE (Groundball, 6MD)
Len Burke scores
Héctor Cruz to third
Lorenzo Guzmán to second
Runner from 3rd tries for Home, SAFE, no throw or cutoff
Batting: RHB Roberto Tobías 0-0: Ground out 4-3 (Groundball, 4)
Bottom of the 8th over - 3 run(s), 3 hit(s), 0 error(s), 2 left on base; Santa Fe 0 - West Virginia 6
TOP OF THE 9TH
Santa Fe Diablos batting - Pitching for West Virginia Power : RHP Mark Osborne
Now at C: António De Los Ángeles
Now at 3B: Lance Wolf
Now in RF: Lúcio Anaya
Batting: SHB António Hernández 0-0: Called Strike
0-1: Swinging Strike
0-2: Strikes out swinging
Batting: RHB Júlio López 0-0: Foul Ball, location: 2F
0-1: Fly out, F8 (Flyball, 8LM)
Batting: RHB John Dinkins 0-0: Ball
1-0: Called Strike
1-1: Ball
2-1: Fly out, F4 (Popup, 4D)
Top of the 9th over - 0 run(s), 0 hit(s), 0 error(s), 0 left on base; Santa Fe 0 - West Virginia 6
This league is powered by Out of the Park Baseball, the baseball management simulation game for PC, Mac and Linux
Saturday, April 9th, 2016 - OOTP Baseball 16.8 Build 38